 Dungeon Crawl Stone Soup version 0.30.1-9-gdf580d7c3d (webtiles) character file.

Game seed: 14837200488814949118

58 bearlyready the Ruffian (level 3, -12/32 HPs)
             Began as a Troll Transmuter on Oct 16, 2023.
             Mangled by a goblin
             ... wielding a +0 dagger of electrocution
             ... led by Robin
              (17 damage)
             ... on level 2 of the Dungeon.
             The game lasted 00:01:14 (568 turns).

bearlyready the Ruffian (Troll Transmuter)           Turns: 568, Time: 00:01:15

Health: -12/32     AC:  5    Str: 18    XL:     3   Next: 75%
Magic:  2/3        EV:  9    Int: 11    God:
Gold:   49         SH:  0    Dex: 10    Spells: 1/4 levels left

rFire   . .          .
                       - Unarmed
rCold   . . .        (no shield)
rNeg    . . .        a - +0 robe
rPois   .            (helmet restricted)
rElec   .            i - +0 cloak
rCorr   .            (gloves unavailable)
SInv    .            (boots unavailable)
Will    .....        (no amulet)
Stlth   +            (no ring)
HPRegen 1.05/turn    (no ring)
MPRegen 0.08/turn

%: no passive effects
@: wereblooded
A: large, unfitting armour, claws 3, regeneration 1, shaggy fur 1, tough skin 1
a: no special abilities


You were on level 2 of the Dungeon.
You visited 1 branch of the dungeon, and saw 2 of its levels.

You collected 49 gold pieces.

Inventory:

Missiles
 g - 11 poisoned darts
Armour
 a - a +0 robe (worn)
 i - a +0 cloak (worn)
Jewellery
 e - a +6 ring of dexterity
Scrolls
 c - a scroll of silence {unknown}
 f - a scroll of amnesia {unknown}
 h - a scroll of teleportation {unknown}
 j - a scroll of poison {unknown}
 k - a scroll of enchant armour {unknown}
Potions
 b - a potion of lignification
 d - a potion of magic {unknown}


   Skills:
 - Level 0.7 Fighting
 - Level 1.5 Dodging
 + Level 4.0 Unarmed Combat
 - Level 1.2 Spellcasting
 + Level 2.3 Transmutations


You had one spell level left.
You knew the following spells:

 Your Spells              Type           Power      Damage    Failure   Level
a - Beastly Appendage     Tmut           10%        N/A       12%         1
b - Wereblood             Tmut           5%         N/A       19%         2

Your spell library contained the following spells:

 Spells                   Type           Power      Damage    Failure   Level
 Spider Form              Tmut/Pois      3%         N/A       50%         3
 Ice Form                 Ice/Tmut       3%         N/A       88%         4


Dungeon Overview and Level Annotations

Branches:
Dungeon (2/15)

Altars:

Annotations:
D:2 Robin


Innate Abilities, Weirdness & Mutations

You are too large for most types of armour.
You have claws for hands.
Your natural rate of healing is unusually fast.
You are covered in fur. (AC +1)
You have tough skin. (AC +1)


Message History

You are too injured to fight recklessly!
You are too injured to fight recklessly!
You are too injured to fight recklessly!
You are too injured to fight recklessly!
You are too injured to fight recklessly!
You are too injured to fight recklessly!
You are too injured to fight recklessly!
You are too injured to fight recklessly!
You are too injured to fight recklessly!
You are too injured to fight recklessly!
You are too injured to fight recklessly!
You are too injured to fight recklessly!
You barely miss the goblin.
You howl as the wereblood boils in your veins!
The goblin hits you with a +0 club. The goblin hits you with a +0 dagger.
The goblin hits you but does no damage.
You closely miss the goblin.
You howl as the wereblood boils in your veins!
The goblin hits you but does no damage. x2
The goblin hits you with a +0 dagger of electrocution.
You closely miss the goblin. You barely miss the goblin.
The goblin hits you with a +0 club.
The goblin hits you with a +0 dagger of electrocution.
Robin's horned helmet rattles.
The goblin closely misses you.
You claw the goblin!
You feel a bit better.
You kill the goblin!
The goblin hits you with a +0 club.
The goblin hits you with a +0 dagger of electrocution.
Your Unarmed Combat skill increases to level 4!
The goblin attacks as you move away! The goblin hits you with a +0 club.
* * * LOW HITPOINT WARNING * * *
The goblin no longer looks unusually strong. x2
Robin flexes a bicep menacingly.
Robin throws the goblin at you!
* * * LOW HITPOINT WARNING * * *
The goblin closely misses you. The goblin hits you but does no damage.
You are electrocuted!
Ouch! That really hurt!
You die...

..............#
..............#
...#..........#
...#..........#
...#..........#
.###..........#
#.
...........####
#
.............g#
#
..###########@#
# ##


#.gggg# ### .....gg## ... ....... ... ......g ... ....... ... ....... ...
....... ... ....... You could see Robin and 7 goblins.

Vanquished Creatures
  2 adders (D:2)
  A dart slug (D:1)
  4 bats
  4 endoplasms (D:1)
  A giant cockroach (D:1)
  8 goblins
  3 hobgoblins
  3 ball pythons (D:1)
  2 kobolds
  6 rats (D:1)
34 creatures vanquished.

Notes
Turn   | Place    | Note
-------+----------+-------------------------------------------
     0 | D:1      | bearlyready the Troll Transmuter began the quest for the
                  | Orb.
     0 | D:1      | Reached XP level 1. HP: 18/18 MP: 1/1
   126 | D:1      | Reached XP level 2. HP: 24/26 MP: 2/2
   381 | D:2      | Reached XP level 3. HP: 32/32 MP: 3/3
   384 | D:2      | Learned a level 2 spell: Wereblood
   552 | D:2      | Noticed Robin
   568 | D:2      | Reached skill level 4 in Unarmed Combat
   568 | D:2      | Mangled by a goblin

Illustrated notes

Levels and vault maps discovered:
D:1:      dpeg_arrival_castle, layout_rooms
D:2:      layout_basic, hangedman_feature_mirror, uniq_robin

Skill      XL: |  1  2  3 |
---------------+----------+-----
Transmutations | 2 |  2.3
Unarmed Combat | 4 |  4.0
Fighting       | |  0.7
Dodging        | |  1.5
Spellcasting   | |  1.2

Action                     || total
---------------------------++-------
  Melee: Unarmed           ||    73
         Punch             ||     1
   Cast: Wereblood         ||     1
 Armour: Robe              ||    40
  Dodge: Dodged            ||    39
